 Dungeon Crawl Stone Soup version 0.31-a0-165-g3f4f80340b (webtiles) character file.

Game seed: 15739756546568944886

225 qw the Chopper (level 6, -1/38 HPs)
             Began as a Gargoyle Fighter on June 13, 2023.
             Slain by an orc
             ... wielding a +0 morningstar
              (2 damage)
             ... on level 4 of the Dungeon.
             The game lasted 00:01:15 (3219 turns).

qw the Chopper (Gargoyle Fighter)                   Turns: 3219, Time: 00:01:16

Health: -1/38      AC: 13    Str: 22    XL:     6   Next: 1%
Magic:  6/6        EV:  9    Int:  8    God:
Gold:   156        SH:  4    Dex:  9    Spells: 5/5 levels left

rFire   . . .        Y - +0 war axe
rCold   . . .        c - +0 buckler
rNeg    + . .        b - +0 scale mail
rPois   inf          n - +1 helmet
rElec   +            (no cloak)
rCorr   .            (no gloves)
SInv    .            (no boots)
Will    .....        (no amulet) Stlth
                     (no ring)
HPRegen 0.26/turn    (no ring)
MPRegen 0.10/turn

%: no passive effects
@: no status effects
A: sickness immunity, AC +4, negative energy resistance 1, electricity
resistance, torment resistance 1, petrification resistance
a: no special abilities


You were on level 4 of the Dungeon.
You visited 1 branch of the dungeon, and saw 4 of its levels.

You collected 156 gold pieces.


Innate Abilities, Weirdness & Mutations

You are immune to sickness and miasma.
Your stone body is resilient. (AC +4)
You are immune to poison.
You resist negative energy. (rN+)
You are resistant to electric shocks. (rElec)
You are resistant to unholy torment.
You are immune to petrification.


   Skills:
 - Level 4.2 Fighting
 - Level 5.0 Axes
 - Level 3.2 Armour
 + Level 0.2 Dodging
 - Level 3.2 Shields


You had 5 spell levels left.
You didn't know any spells.
Your spell library was empty.

Inventory:

Hand Weapons
 j - a +0 club
 Y - a +0 war axe (weapon)
Missiles
 p - a boomerang (quivered)
Armour
 b - a +0 scale mail (worn)
 c - a +0 buckler (worn)
 n - a +1 helmet (worn)
Scrolls
 a - a scroll of identify
Potions
 d - 2 potions of might
 e - a potion of cancellation
 f - a potion of degeneration {unknown}
 g - a potion of haste {unknown}
 h - a potion of magic {unknown}
 i - a potion of invisibility {unknown}
 k - a potion of resistance {unknown}
 o - a potion of attraction {unknown}
 q - a potion of lignification {unknown}

Dungeon Overview and Level Annotations

Branches:
Dungeon (4/15)
 Temple: D:4-7

Altars:
Gozag


Message History

The orc hits you but does no damage.
The orc priest mumbles some strange prayers to Beogh against you.
Beogh smites you!
Your Fighting skill increases to level 4!
You barely miss the orc.
The orc is severely wounded.
You slash the orc! The orc misses you. The orc hits you but does no damage.
You barely miss the orc.
The orc is almost dead.
You hit the orc.
You kill the orc!
You hit the orc but do no damage. The orc closely misses you.
The orc hits you but does no damage. You block the orc's attack.
The orc priest calls upon Beogh to heal the orc.
The orc is healed somewhat.
The orc hits you with a +0 hand axe.
You barely miss the orc.
The orc is moderately wounded.
You slash the orc!
You kill the orc!
You slash the orc!
You kill the orc!
You block the orc's attack.
You have reached level 6!
You hit the orc.
The orc is severely wounded.
You closely miss the orc priest. You block the orc priest's attack.
The orc hits you with a +0 morningstar.
You hit the orc but do no damage.
The orc is severely wounded.
You slash the orc priest! The orc hits you but does no damage.
The orc priest closely misses you.
You hit the orc priest but do no damage.
The orc priest is severely wounded.
You barely miss the orc. The orc priest hits you with a +0 club.
The orc barely misses you.
The orc priest calls down the wrath of Beogh upon you.
You are unaffected.
The orc hits you with a +0 morningstar.
You die...

#)# ...........#
#####.####..#.......#.
#.....................
......#.....#........
#.....#.#............
#.....#....#.....#######
......#..#.#............
..##.......#.....)......
.. #.....###.#..@o......
. +...........$)o......
..##.....###.##.........
...............#........
..........<..#.#........
##############.#.#######
#.#.. ..$.#


You could see an orc priest and an orc.

Vanquished Creatures
  A phantom (D:3)
  Jessica (D:3)
  An orc wizard (D:4)
  Robin (D:3)
  An adder (D:2)
  A worm (D:2)
  3 dart slugs
  5 orcs
  3 ball pythons
  7 endoplasms
  2 giant cockroaches
  7 goblins
  9 hobgoblins
  6 kobolds
  4 quokkas
  2 bats
  4 frilled lizards
  8 rats
66 creatures vanquished.

Notes
Turn   | Place    | Note
-------+----------+-------------------------------------------
     0 | D:1      | qw the Gargoyle Fighter began the quest for the Orb.
     0 | D:1      | Reached XP level 1. HP: 14/14 MP: 1/1
     0 | D:1      | 0 ||| qw: Version: 0.2-a-29-gc1b59c4
     0 | D:1      | 0 ||| qw: Game counter: 4792
     0 | D:1      | 0 ||| qw: Always use a shield: true
     0 | D:1      | 0 ||| qw: God list: Okawaru
     0 | D:1      | 0 ||| qw: Allow faded altars: false
     0 | D:1      | 0 ||| qw: Do Orc after D:15 true
     0 | D:1      | 0 ||| qw: Do second Lair branch before Depths: true
     0 | D:1      | 0 ||| qw: Lair rune preference: random
     0 | D:1      | 0 ||| qw: Plans: Normal, Zot:1-4, Slime:5, God:TSO, Crypt,
                  | Tomb, Abyss, Pan, Hells, Win
     0 | D:1      | 0 ||| PLANNING D:1-11
    55 | D:1      | Reached skill level 2 in Axes
   117 | D:1      | Reached XP level 2. HP: 19/19 MP: 2/2
   753 | D:1      | Reached skill level 3 in Axes
   781 | D:1      | Reached XP level 3. HP: 20/23 MP: 3/3
  1004 | D:1      | 1004 ||| READING scroll labelled UFROLE EGUYZXE.
  1005 | D:1      | 1005 ||| READING scroll labelled ZAUGIWASTRU.
  1008 | D:1      | 1008 ||| DRINKING 2 sapphire potions.
  1009 | D:1      | 1009 ||| DROPPING potion of brilliance.
  1326 | D:2      | 1326 ||| Stepping ~*~*~tactically~*~*~ (stealth).
  1747 | D:2      | 1747 ||| Stepping ~*~*~tactically~*~*~ (hiding).
  1871 | D:2      | 1871 ||| Stepping ~*~*~tactically~*~*~ (stealth).
  1930 | D:2      | Reached XP level 4. HP: 26/28 MP: 4/4
  2074 | D:2      | Found a faded altar of an unknown god.
  2079 | D:2      | 2079 ||| READING scroll labelled JIACKARUIS.
  2200 | D:3      | Noticed a phantom
  2214 | D:3      | Killed a phantom
  2215 | D:3      | Reached skill level 4 in Axes
  2215 | D:3      | Reached XP level 5. HP: 16/32 MP: 5/5
  2330 | D:3      | 2330 ||| Stepping ~*~*~tactically~*~*~ (stealth).
  2332 | D:3      | 2332 ||| Stepping ~*~*~tactically~*~*~ (stealth).
  2334 | D:3      | 2334 ||| Stepping ~*~*~tactically~*~*~ (stealth).
  2337 | D:3      | Noticed Robin
  2340 | D:3      | 2340 ||| Stepping ~*~*~tactically~*~*~ (hiding).
  2369 | D:3      | Killed Robin
  2370 | D:3      | Reached skill level 5 in Axes
  2597 | D:3      | Noticed Jessica
  2602 | D:3      | Killed Jessica
  2996 | D:3      | Found an opulent altar of Gozag.
  3145 | D:3      | 3145 ||| UPGRADING to +1 helmet.
  3150 | D:3      | 3150 ||| READING scroll labelled ECOISI FOER.
  3151 | D:3      | 3151 ||| READING scroll labelled OSMUEF COCANO.
  3152 | D:3      | 3152 ||| READING scroll labelled QIOWKO KURPHAI.
  3153 | D:3      | 3153 ||| DRINKING 2 golden potions.
  3176 | D:4      | 3176 ||| PLANNING OSSUARY
  3215 | D:4      | HP: 7/33 [orc/+0 hand axe (3)]
  3217 | D:4      | Reached XP level 6. HP: 8/38 MP: 6/6
  3219 | D:4      | HP: 1/38 [orc priest/+0 club (5)]
  3219 | D:4      | Slain by an orc

Levels and vault maps discovered:
D:1:      ldierk_walled_garden_2, layout_loops_corners, minmay_hexomino_p4
D:2:      wander_river, layout_loops_corners, chequers_ecumenical_altar_grove,
          kennysheep_generic_room_11
D:3:      layout_basic, nicolae_gozag_cash_rules_everything_around_me,
          uniq_jessica, uniq_robin
D:4:      cheibrodos_pilgrimage, layout_basic, nicolae_ossuary_entry_catacombs

Skill      XL: |  1  2  3  4  5 |
---------------+----------------+-----
Axes           | 2 3 4 5 |  5.0
Fighting       | 4 |  4.2
Armour         | |  3.2
Dodging        | |  0.2
Shields        | |  3.2

Action                     |  1- 3 |  4- 6 || total
---------------------------+-------+-------++-------
  Melee: War axe           |   137 |    66 ||   203
  Throw: Boomerang         |     3 |     9 ||    12
    Use: Scroll            |     2 |     4 ||     6
         Potion            |     1 |     1 ||     2
 Armour: Scale mail        |    68 |    31 ||    99
  Dodge: Dodged            |    50 |    27 ||    77
  Block: Buckler           |    18 |    12 ||    30

Table legend:
 A = Non-vault XP
 B = Vault XP
 C = Vault XP percentage of total XP
 D = Non-vault monster count
 E = Vault monster count
 F = Vault count percentage of total count
                 A         B        C        D         E       F
            +---------+---------+-------+---------+---------+-------
      Total |     197 |     125 |  38.8 |      43 |      23 |  34.8
            +---------+---------+-------+---------+---------+-------
        D:1 |      28 |       6 |  17.6 |      16 |       4 |  20.0
        D:2 |      46 |       2 |   4.2 |      16 |       1 |   5.9
        D:3 |     121 |      72 |  37.3 |      10 |      13 |  56.5
        D:4 |       2 |      45 |  95.7 |       1 |       5 |  83.3
            +---------+---------+-------+---------+---------+-------
